 Dungeon Crawl Stone Soup version 0.21.0-26-g889b8f6872 (webtiles) character file.

9905 FessEmpty2 the Fighter (level 11, -2/87 HPs)
             Began as a Demonspawn Fighter on Jan 28, 2018.
             Was a Follower of Makhleb.
             Slain by a six-headed hydra (13 damage)
             ... on level 9 of the Dungeon.
             The game lasted 00:47:07 (11995 turns).

FessEmpty2 the Fighter (Demonspawn Fighter)        Turns: 11995, Time: 00:47:07

Health: -2/87      AC: 19    Str: 21    XL:     11   Next: 29%
Magic:  36/36      EV:  8    Int: 21    God:    Makhleb [*.....]
Gold:   661        SH: 19    Dex: 16    Spells: 10/10 levels left

rFire    . . .     SeeInvis .   r - +2 whip (flame)
rCold    . . .     Gourm    .   c - +0 shield
rNeg     . . .     Faith    .   S - +1 scale mail of Limited Liability {MP+9 Dex+4 Stlth+}
rPois    .         Spirit   .   k - +3 hat of Pondering {ponderous, MR+ MP+10 Int+5}
rElec    .         Reflect  .   v - +2 cloak
rCorr    .         Harm     .   (no gloves)
MR       ++...                  p - +0 pair of boots
Stlth    +.........             g - amulet of regeneration
HPRegen  0.64/turn              R - +3 ring of protection
MPRegen  0.25/turn              I - ring of Lady Luck {MR+ Int+7}

@: hasted, very quick
A: antennae 2, large bone plates 3, demonic guardian 1, spiny 2
a: Renounce Religion


You were on level 9 of the Dungeon.
You worshipped Makhleb.
Makhleb was aware of your devotion.
You were near starving.

You visited 2 branches of the dungeon, and saw 12 of its levels.
You also visited: Sewer.

You collected 877 gold pieces.
You spent 216 gold pieces at shops.

Inventory:

Hand Weapons
 r - a +2 whip of flaming (weapon)
Missiles
 y - 16 tomahawks (quivered)
Armour
 c - a +0 shield (worn)
 k - the +3 hat of Pondering (worn) {ponderous, MR+ MP+10 Int+5}
   (You took it off Gastronok on level 8 of the Dungeon)

   It affects your intelligence (+5).
   It affects your resistance to hostile enchantments.
   It affects your magic capacity (+10).
 p - a +0 pair of boots (worn)
 v - a +2 cloak (worn)
 S - the +1 scale mail of Limited Liability (worn) {MP+9 Dex+4 Stlth+}
   (You bought it in a shop on level 10 of the Dungeon)

   It affects your dexterity (+4).
   It affects your magic capacity (+9).
   It makes you more stealthy.
Jewellery
 g - an amulet of regeneration (around neck)
 w - an uncursed ring of poison resistance
 F - a +2 ring of protection
 I - the ring of Lady Luck (right hand) {MR+ Int+7}
   (You found it on level 7 of the Dungeon)

   [ring of protection from magic]

   It affects your intelligence (+7).
   It affects your resistance to hostile enchantments.
 J - an uncursed amulet of the gourmand {unknown}
 L - an uncursed ring of fire
 P - an uncursed ring of stealth
 Q - an uncursed ring of positive energy
 R - a +3 ring of protection (left hand)
Wands
 D - a wand of flame (51)
 E - a wand of enslavement (16)
 H - a wand of disintegration (15)
 O - a wand of polymorph (4)
Scrolls
 b - a scroll of amnesia {unknown}
 e - 3 scrolls of fear
 h - 9 scrolls of teleportation
 j - a scroll of immolation {unknown}
 o - 2 scrolls of fog
 x - 2 scrolls of magic mapping
 z - 2 scrolls of noise {unknown}
 A - 3 scrolls of remove curse
 C - a scroll of enchant weapon {unknown}
 G - a scroll of silence {unknown}
 M - a scroll of acquirement {unknown}
 N - a scroll of holy word {unknown}
 T - a scroll of vulnerability {unknown}
Potions
 d - 5 potions of flight
 i - a potion of ambrosia
 l - 3 potions of heal wounds
 m - 2 potions of degeneration {unknown}
 n - 3 potions of curing
 q - 2 potions of magic
 s - 3 potions of brilliance
 t - 4 potions of lignification
 u - 2 potions of might
 B - a potion of haste
Books
 a - a book of Minor Magic

   Spells                             Type                      Level
   a - Magic Dart                     Conjuration                  1
   b - Blink                          Translocation                2
   c - Call Imp                       Summoning                    2
   d - Slow                           Hexes                        2
   e - Conjure Flame                  Conjuration/Fire             3
   f - Mephitic Cloud                 Conjuration/Poison/Air       3
 K - a book of Geomancy

   Spells                             Type                      Level
   a - Sandblast                      Earth                        1
   b - Passwall                       Transmutation/Earth          2
   c - Stone Arrow                    Conjuration/Earth            3
   d - Petrify                        Transmutation/Earth          4
   e - Lee's Rapid Deconstruction     Earth                        5
Comestibles
 f - 20 rations


   Skills:
 + Level 8.9 Fighting
 + Level 7.9 Maces & Flails
 + Level 8.1 Armour
 + Level 8.2 Shields
 + Level 8.3 Invocations


You had 10 spell levels left.
You didn't know any spells.

Dungeon Overview and Level Annotations

Branches:
Dungeon (11/15)            Temple (1/1) D:7
   Lair: D:8-11         Orc: D:9-12

Altars:
Ashenzari
Cheibriados
Dithmenos
Elyvilon
Fedhas
Gozag
Hepliaklqana
Kikubaaqudgha
Makhleb
Nemelex Xobeh
Okawaru
Qazlal
Ru
Sif Muna
Trog
Uskayaw
Vehumet
Wu Jian
Xom
Yredelemnul
Zin
The Shining One

Shops:
D:6 (   D:8 *   D:10 [

Annotations:
D:5 1 exclusion, Ijyb


Innate Abilities, Weirdness & Mutations

You have a pair of antennae on your head.
You are completely covered in large bone plates. (SH +8)
A weak demonic guardian rushes to your aid.
You are mostly covered in sharp spines.


Message History

The six-headed hydra bites you!
Your iron imp disappears in a puff of smoke!
There is a stone staircase leading up here.
The six-headed hydra closely misses you.
The six-headed hydra barely misses you.
You block the six-headed hydra's attack. x2
The six-headed hydra barely misses you. The six-headed hydra bites you!
* * * LOW HITPOINT WARNING * * *
You climb upwards.
Your summoned ally is left behind.
There is a stone staircase leading down here.
You feel yourself speed up.
The six-headed hydra is struck by your spines.
The six-headed hydra completely misses you.
You block the six-headed hydra's attack. x2
The six-headed hydra bites you.
* * * LOW HITPOINT WARNING * * *
The six-headed hydra bites you.
* * * LOW HITPOINT WARNING * * *
The six-headed hydra bites you!
You die...

.#....<..........._......#
.#............#.......#..#
.#............#.......#..#
##...#######..##.....##..#
.....# #..####.####..#
.....# ##............#
###..# ##.......#...# #..#
#.........###
#..#########.D@....###
#..................#
###............5######
................#
................#
######.########.#
.....#.#......#.#
.....'.#......#.#
.....#.#......#.#


You could see a six-headed hydra and a friendly white imp.

Vanquished Creatures
  Gastronok (D:8)
  A tengu warrior (D:10)
  3 two-headed ogres
  An unseen horror (D:10)
  A tengu conjurer (D:10)
  2 hippogriffs
  A yak (D:9)
  A basilisk (D:9)
  A hungry ghost (D:10)
  Duvessa (D:5)
  4 orc warriors
  3 sky beasts
  An ice beast (D:8)
  An ogre (D:10)
  An eye of draining (D:9)
  A crocodile (D:10)
  2 centaurs
  4 big kobolds
  5 bullfrogs
  2 scorpions
  5 killer bees
  The ghost of Hat the Chopper, a weakling DDBe of Trog (D:3)
  A howler monkey (D:9)
  3 crimson imps
  A centaur zombie (D:6)
  2 hounds
  2 jellies
  6 orc wizards
  3 orc priests
  Crazy Yiuf (D:3)
  An iguana (D:10)
  4 worker ants
  A mummy (D:6)
  Robin (D:3)
  A gnoll (D:1)
  16 adders
  A shadow imp (D:9)
  6 oozes
  An adder skeleton (D:10)
  7 worms
  5 dart slugs
  11 leopard geckos
  17 orcs
  8 ball pythons
  4 giant cockroaches
  14 goblins
  6 hobgoblins
  9 jackals
  18 kobolds
  4 quokkas
  5 bats
  4 frilled lizards
  A leopard gecko skeleton (D:4)
  A quokka zombie (D:7)
  14 rats
  A fungus (D:3)
223 creatures vanquished.

Vanquished Creatures (collateral kills)
  2 two-headed ogres
  4 yaks (D:9)
  Sigmund (D:3)
  A wyvern (D:9)
  A black bear (D:10)
  2 ogres
  A centaur (D:9)
  3 big kobolds (Sewer)
  Dowan (D:5)
  A killer bee (D:9)
  A howler monkey (D:9)
  3 crimson imps (D:6)
  An orc priest (D:4)
  A worker ant (D:9)
  An adder (Sewer)
  3 orcs
  A rat (Sewer)
28 creatures vanquished.

Vanquished Creatures (others)
  A human (D:8)
1 creature vanquished.

Grand Total: 252 creatures vanquished

Notes
Turn   | Place    | Note
-------+----------+-------------------------------------------
     0 | D:1      | FessEmpty2 the Demonspawn Fighter began the quest for the Orb.
     0 | D:1      | Reached XP level 1. HP: 18/18 MP: 1/1
   139 | D:1      | Gained mutation: You are partially covered in sharp spines. [demonic ancestry]
   139 | D:1      | Reached XP level 2. HP: 18/24 MP: 2/2
   587 | D:1      | Reached XP level 3. HP: 18/29 MP: 3/3
  1058 | D:2      | Noticed a moth of wrath
  1061 | D:2      | Found a bloodstained altar of Trog.
  1367 | D:2      | Found a blossoming altar of Fedhas.
  1541 | D:2      | Gained mutation: A weak demonic guardian rushes to your aid. [demonic ancestry]
  1541 | D:2      | Reached XP level 4. HP: 36/36 MP: 4/4
  2236 | D:3      | Gained mutation: You have a pair of small antennae on your head. [demonic ancestry]
  2236 | D:3      | Reached XP level 5. HP: 42/42 MP: 5/5
  2273 | D:3      | Noticed Robin
  2329 | D:3      | Killed Robin
  2350 | D:3      | Noticed Sigmund
  2391 | D:3      | Killed Sigmund
  2391 | D:3      | Gained mutation: You have a pair of antennae on your head. [demonic ancestry]
  2391 | D:3      | Reached XP level 6. HP: 38/48 MP: 6/6
  2548 | D:3      | Found a glowing drain.
  2549 | D:3      | Noticed Hat's ghost (weakling DDBe)
  2577 | D:3      | Killed Hat's ghost
  2706 | Sewer    | Entered a sewer
  2903 | Sewer    | Gained mutation: You are partially covered in large bone plates. (SH +4) [demonic ancestry]
  2903 | Sewer    | Reached XP level 7. HP: 46/55 MP: 7/7
  3164 | Sewer    | Reached skill level 5 in Fighting
  3888 | D:3      | Found a runed door.
  3892 | D:3      | Noticed Crazy Yiuf
  3919 | D:3      | Killed Crazy Yiuf
  4464 | D:4      | Found an ancient bone altar of Kikubaaqudgha.
  4861 | D:4      | Found a shadowy altar of Dithmenos.
  4887 | D:4      | Reached skill level 5 in Shields
  4937 | D:4      | Reached skill level 5 in Armour
  4967 | D:4      | Reached XP level 8. HP: 56/63 MP: 8/8
  5072 | D:5      | Entered Level 5 of the Dungeon
  5145 | D:5      | Found a stormy altar of Qazlal.
  5147 | D:5      | Found an iron altar of Okawaru.
  5147 | D:5      | Found a shimmering altar of Xom.
  5149 | D:5      | Found an opulent altar of Gozag.
  5149 | D:5      | Found an opulent altar of Gozag.
  5149 | D:5      | Found a glowing silver altar of Zin.
  5298 | D:5      | Noticed Duvessa
  5299 | D:5      | Noticed Dowan
  5325 | D:5      | Killed Duvessa
  5326 | D:5      | Killed Dowan
  5539 | D:5      | Found a hide-covered altar of Uskayaw.
  5540 | D:5      | Found a glowing golden altar of the Shining One.
  5787 | D:5      | Noticed Ijyb
  5929 | D:6      | Found Juojoy's Antique Weapon Boutique.
  6165 | D:6      | Reached skill level 5 in Maces & Flails
  6278 | D:6      | Found a snail-covered altar of Cheibriados.
  6367 | D:7      | Found a staircase to the Ecumenical Temple.
  6397 | Temple   | Entered the Ecumenical Temple
  6615 | Temple   | Became a worshipper of Makhleb the Destroyer
  6681 | D:7      | Found a radiant altar of Vehumet.
  6743 | D:7      | Got a brightly glowing glass ring
  6907 | D:7      | Noticed a hippogriff
  6916 | D:7      | Killed a hippogriff
  6916 | D:7      | Reached skill level 1 in Invocations
  7325 | D:8      | Found Zaitex Ylos's Assorted Antiques.
  7577 | D:8      | Found a stormy altar of Qazlal.
  7721 | D:8      | Noticed a two-headed ogre
  7734 | D:8      | Killed a two-headed ogre
  7734 | D:8      | Gained mutation: You are mostly covered in sharp spines. [demonic ancestry]
  7734 | D:8      | Reached XP level 9. HP: 44/71 MP: 9/11
  7849 | D:8      | Noticed Gastronok
  8081 | D:8      | Noticed a two-headed ogre
  8098 | D:8      | Killed a two-headed ogre
  8768 | D:9      | Noticed a two-headed ogre
  8858 | D:9      | Killed a two-headed ogre
  8858 | D:9      | Reached skill level 5 in Invocations
  8912 | D:9      | Noticed a two-headed ogre
  9145 | D:9      | Killed a two-headed ogre
  9145 | D:9      | Gained mutation: You are mostly covered in large bone plates. (SH +6) [demonic ancestry]
  9145 | D:9      | Reached XP level 10. HP: 40/79 MP: 12/14
  9331 | D:9      | Noticed a two-headed ogre
  9333 | D:9      | Identified the ring of Lady Luck {MR+ Int+7} (You found it on level 7 of the Dungeon)
  9366 | D:9      | Killed a two-headed ogre
  9641 | D:9      | Found an iron altar of Okawaru.
 10132 | D:10     | Entered Level 10 of the Dungeon
 10235 | D:10     | Found Wipsidy's Antique Armour Shop.
 10243 | D:10     | Bought a black opal-encrusted scale mail for 216 gold pieces
 10253 | D:10     | Identified the cursed +1 scale mail of Limited Liability {MP+9 Dex+4 Stlth+} (You bought it in a shop on level 10 of the Dungeon)
 10310 | D:10     | Reached * piety under Makhleb
 10451 | D:10     | Killed an unseen horror
 10739 | D:10     | Noticed a tengu warrior
 10819 | D:10     | Killed a tengu warrior
 10819 | D:10     | Gained mutation: You are completely covered in large bone plates. (SH +8) [demonic ancestry]
 10819 | D:10     | Reached XP level 11. HP: 54/87 MP: 16/16
 11393 | D:8      | Killed Gastronok
 11578 | D:8      | Found an ancient bone altar of Kikubaaqudgha.
 11803 | D:11     | Noticed a six-headed hydra
 11995 | D:9      | Slain by a six-headed hydra

Skill      XL: |  1  2  3  4  5  6  7  8  9 10 11 |
---------------+----------------------------------+-----
Maces & Flails | 2 3 4 5 6 7 |  7.9
Shields        | 3 4 5 6 7 8 |  8.2
Armour         | 3 4 5 6 7 8 |  8.1
Fighting       | 4 5 6 7 8 |  8.9
Invocations    | 3 5 7 8 |  8.3

Action                   |  1- 3 |  4- 6 |  7- 9 | 10-12 || total
-------------------------+-------+-------+-------+-------++-------
Melee: Flail             |    23 |       |       |       ||    23
       Whip              |   146 |   291 |   646 |   425 ||  1508
Throw: Tomahawk          |       |       |     3 |       ||     3
  Use: Scroll            |     1 |     1 |     4 |     9 ||    15
       Potion            |       |     1 |       |     1 ||     2
 Stab: Distracted        |       |       |     4 |     1 ||     5
  Eat: Chunk             |     2 |     5 |    15 |     9 ||    31
       Ration            |       |       |     2 |       ||     2
Armor: Scale mail        |    51 |    73 |   155 |   123 ||   402
       Skin              |       |       |       |     6 ||     6
Dodge: Dodged            |    39 |    48 |    98 |    61 ||   246
Block: Shield            |    84 |   113 |   370 |   310 ||   877
